 Dungeon Crawl Stone Soup version 0.32-a0-868-g153ae1a8d6 (webtiles) character file.

Game seed: 11325115413052718641

1043 Griffin23 the Slasher (level 8, -9/70 HPs)
             Began as a Minotaur Fighter on Mar 28, 2024.
             Mangled by Duvessa
             ... wielding a +0 rapier
              (25 damage)
             ... on level 6 of the Dungeon.
             The game lasted 00:04:57 (5376 turns).

Griffin23 the Slasher (Minotaur Fighter)            Turns: 5376, Time: 00:04:58

Health: -9/70      AC: 12    Str: 23    XL:     8   Next: 4%
Magic:  7/7        EV:  2    Int:  5    God:
Gold:   355        SH:  0    Dex: 10    Spells: 7/7 levels left

rFire   . . .        a - +0 long sword
rCold   . . .        c - +0 buckler
rNeg    . . .        d - +0 plate armour
rPois   .            (helmet restricted)
rElec   .            (no cloak)
rCorr   .            (no gloves)
SInv    .            (no boots)
Will    .....        (no amulet) Stlth
                     (no ring)
HPRegen 0.31/turn    (no ring)
MPRegen 0.10/turn

%: no passive effects
@: sleeping, invisible
A: horns 2, retaliatory headbutt
a: no special abilities


You were on level 6 of the Dungeon.
You visited 1 branch of the dungeon, and saw 6 of its levels.
You also visited: Sewer.

You collected 355 gold pieces.

Inventory:

Hand Weapons
 a - a +0 long sword (weapon)
Armour
 b - a +0 scale mail
 c - a +0 buckler (worn)
 d - a +0 plate armour (worn)
 m - a +0 chain mail
Jewellery
 g - a ring of magical power
 l - a ring of see invisible
Scrolls
 f - a scroll of enchant weapon {unknown}
 h - 2 scrolls of identify {unknown}
 j - 2 scrolls of fear {unknown}
 k - 2 scrolls of vulnerability
 n - 2 scrolls of fog {unknown}
 o - 2 scrolls of teleportation {unknown}
 p - 2 scrolls of revelation {unknown}
 q - 2 scrolls of brand weapon {unknown}
 r - a scroll of poison {unknown}
 v - a scroll of amnesia {unknown}
Potions
 e - 2 potions of attraction
 u - a potion of enlightenment {unknown}
 w - a potion of resistance {unknown}


   Skills:
 + Level 6.2 Fighting
 * Level 7.3 Long Blades
 + Level 6.2 Armour
 + Level 6.2 Shields


You had 7 spell levels left.
You didn't know any spells.
Your spell library contained the following spells:

 Spells                   Type           Power      Damage    Failure   Level
 Anguish                  Hex/Necr       0%         N/A       100%        4
 Cause Fear               Hex            0%         N/A       100%        4
 Enfeeble                 Hex            0%         N/A       100%        7


Dungeon Overview and Level Annotations

Branches:
Dungeon (6/15)              Sewer (visited)
 Temple: D:4-7

Altars:
The Shining One

Annotations:
D:6 Duvessa


Innate Abilities, Weirdness & Mutations

You have a pair of horns on your head.
You reflexively headbutt those who attack you in melee.


Message History

Duvessa is lightly wounded.
The sleepcap releases spores at you but does no damage.
Duvessa hits you but does no damage.
You hit Duvessa.
Duvessa is moderately wounded.
You block Duvessa's attack.
The sleepcap releases spores at you but does no damage.
You hit Duvessa but do no damage.
Duvessa is moderately wounded.
The sleepcap releases spores at you.
You are engulfed in a cloud of soporific spores!
You fall asleep.
Duvessa hits you with a +0 rapier!
You wake up.
You hit Duvessa.
Duvessa is moderately wounded.
Duvessa hits you but does no damage.
The sleepcap releases spores at you but does no damage.
You barely miss Duvessa. You headbutt Duvessa, but do no damage.
Duvessa is moderately wounded.
Duvessa hits you with a +0 rapier. You block the sleepcap's attack.
You are too injured to fight recklessly!
It was a potion of invisibility.
You fade into invisibility!
The sleepcap releases spores at you!
You are engulfed in a cloud of soporific spores!
You are unaffected.
Duvessa hits you with a +0 rapier.
* * * LOW HITPOINT WARNING * * *
You hit Duvessa.
Duvessa is heavily wounded.
The sleepcap releases spores at you but does no damage.
Duvessa hits you but does no damage.
You catch the helpless Duvessa completely off-guard!
You hit Duvessa.
Duvessa is heavily wounded.
The sleepcap releases spores at you.
* * * LOW HITPOINT WARNING * * *
You are engulfed in a cloud of soporific spores!
You fall asleep.
Duvessa hits you with a +0 rapier!!
You die...

≈~ ~≈# ###
..# ⌠ #.#
#..#.. #.#
###.... #<#
.... #.#
###e#######
#.#
#>.@.......
#.#
#.#.f......
#.#
#.#........
#.#
#.#........
###.#
#.#........
#...#
#..........
###.#
#..........
#.#
##...#######
#.# #ß..)ß#


You could see Duvessa (unable to see you) and a sleepcap (unable to see you).

Vanquished Creatures
  A hornet (D:4)
  Menkaure (D:5)
  A crocodile (Sewer)
  A brain worm (Sewer)
  A scorpion (D:5)
  A vampire bat (D:3)
  A howler monkey (D:5)
  A bombardier beetle (D:4)
  A hound (D:5)
  A jelly (D:5)
  2 sleepcaps
  An iguana (D:4)
  11 adders
  5 ribbon worms
  2 dart slugs (D:2)
  3 fire bats (D:3)
  3 orcs (D:4)
  2 spectral bats (D:3)
  3 bat skeletons (D:3)
  A bat zombie (D:3)
  3 endoplasms
  7 giant cockroaches
  4 goblins
  7 hobgoblins
  3 quokkas
  5 ball pythons
  17 bats
  A bat simulacrum (D:3)
  3 frilled lizards (D:1)
  7 kobolds
  4 rats
  A spectral kobold (D:1)
105 creatures vanquished.

Notes
Turn   | Place    | Note
-------+----------+-------------------------------------------
     0 | D:1      | Griffin23 the Minotaur Fighter began the quest for the Orb.
     0 | D:1      | Reached XP level 1. HP: 19/19 MP: 0/0
    81 | D:1      | Reached XP level 2. HP: 16/27 MP: 1/1
   234 | D:1      | Found a faded altar of an unknown god.
   778 | D:2      | Reached skill level 3 in Long Blades
   812 | D:2      | Reached XP level 3. HP: 33/33 MP: 2/2
  1164 | D:2      | Reached XP level 4. HP: 40/40 MP: 3/3
  1564 | D:3      | Found a glowing drain.
  1568 | Sewer    | Entered a sewer
  1599 | Sewer    | Noticed a brain worm
  1610 | Sewer    | Killed a brain worm
  1611 | Sewer    | Reached skill level 4 in Long Blades
  1611 | Sewer    | Reached XP level 5. HP: 20/47 MP: 0/4
  1715 | Sewer    | Noticed a crocodile
  1725 | Sewer    | Killed a crocodile
  1885 | D:3      | Reached skill level 5 in Fighting
  1886 | D:3      | Reached XP level 6. HP: 48/56 MP: 5/5
  2107 | D:3      | Reached skill level 5 in Armour
  2456 | D:3      | Reached skill level 5 in Long Blades
  2464 | D:3      | Reached skill level 5 in Shields
  3036 | D:4      | Reached XP level 7. HP: 61/61 MP: 6/6
  3073 | D:4      | Noticed a hornet
  3082 | D:4      | Paralysed by a hornet for 2 turns
  3085 | D:4      | Killed a hornet
  3086 | D:4      | Reached skill level 6 in Long Blades
  3337 | D:4      | Found a glowing golden altar of the Shining One.
  4039 | D:5      | Entered Level 5 of the Dungeon
  4204 | D:5      | Noticed Menkaure
  4216 | D:5      | Killed Menkaure
  4217 | D:5      | Reached skill level 7 in Long Blades
  4586 | D:5      | Reached XP level 8. HP: 47/70 MP: 7/7
  5363 | D:6      | Noticed Duvessa
  5376 | D:6      | Mangled by Duvessa

Illustrated notes

Levels and vault maps discovered:
D:1:      erik_arrival_orb_chamber, layout_basic,
          dreamdust_ecumenical_altar_drowned_temple
D:2:      layout_basic, minivault_23, serial_bayou_crossing
D:3:      layout_basic, gup_sewer_entry_spiral, goddamned_bats
D:4:      layout_basic, mainiacjoe_overflow_brackets, serial_co_window_serial,
          co_window_of_opportunity_a, co_window_corner_a,
          co_window_of_opportunity_a, co_window_paths_b, co_window_corner_a,
          co_window_cross_1, co_window_of_opportunity_a, co_window_paths_c,
          co_window_unsneaky_path_b, co_window_cross_2, co_window_corner_b,
          co_window_cross_2, co_window_of_opportunity_b, co_window_paths_e,
          co_window_paths_d, glass_columns_a, glass_columns_b, glass_columns_c
D:5:      layout_basic, minivault_4, uniq_menkaure
D:6:      layout_basic, lemuel_round_altar, minmay_temple_entry_offerings,
          serial_shops, kennysheep_little_box, serial_corexii_hall,
          corexii_hall_statues_x, chequers_hall_statues_wall_a, fountainhead,
          uniq_blork_the_orc, uniq_duvessa

Skill      XL: |  1  2  3  4  5  6  7 |
---------------+----------------------+-----
Fighting       | 4 5 6 |  6.2
Shields        | 4 5 6 |  6.2
Armour         | 4 5 6 |  6.2
Long Blades    | 3 4 5 7 |  7.3

Action                     |  1- 3 |  4- 6 |  7- 9 || total
---------------------------+-------+-------+-------++-------
  Melee: Long sword        |   102 |   202 |    75 ||   379
         Headbutt          |    15 |    20 |    16 ||    51
    Use: Potion            |       |     2 |     5 ||     7
         Scroll            |       |       |     1 ||     1
   Stab: Invisible         |       |       |     1 ||     1
 Armour: Scale mail        |    83 |     2 |       ||    85
         Chain mail        |       |    59 |       ||    59
         Plate armour      |       |   184 |    73 ||   257
  Dodge: Dodged            |    51 |    99 |    16 ||   166
  Block: Buckler           |    19 |    57 |    20 ||    96

Table legend: (Time is in decaauts)
 A = Elapsed time spent in this place.
 B = Non-inter-level travel time spent in this place.
 C = Inter-level travel time spent in this place.
 D = Time resting spent in this place.
 E = Time spent auto-exploring this place.
 F = Levels seen in this place.
 G = Mean time per level.
                   A        B        C        D        E       F      G
               +--------+--------+--------+--------+--------+-----+--------+
         Total |   5527 |   5291 |    236 |    550 |   3797 |   7 |  789.6 |
       Dungeon |   5266 |   5030 |    236 |    491 |   3702 |   6 |  877.7 |
         Sewer |    261 |    261 |      0 |     59 |     95 |   1 |  261.0 |
               +--------+--------+--------+--------+--------+-----+--------+

Top non-repeatable levels by time:
     D:4: 1353 daAuts
     D:5: 1280 daAuts
     D:3: 1192 daAuts
     D:1: 788 daAuts
     D:2: 591 daAuts
   Sewer: 261 daAuts
     D:6: 60 daAuts
